Map: Frost LE

Players

Neeb - Winner!

  • Race: Protoss Protoss
  • League: Grandmaster

MaSa

  • Race: Terran Terran
  • League: Grandmaster

VOD

Have the link to the VOD?

Description

Time

  • Played on: July 8, 2016, 9:34 p.m.
  • Length: 10:14
Show
View Real Time Build Order
Export as new Build Order

Neeb Protoss - Winner!

Build Orders: 1 Gate Expand, Oracle Opening 

Get SALT Encoding   

  12  0:00  Probe (Chrono Boost)  
  13  0:11  Probe (Chrono Boost)  
  14  0:18  Pylon  
  14  0:22  Probe (Chrono Boost)  
  15  0:36  Probe (Chrono Boost), Gateway  
  16  0:47  Probe (Chrono Boost)  
  16  0:48  Assimilator  
  17  0:57  Probe (Chrono Boost)  
  18  1:08  Probe (Chrono Boost)  
  19  1:18  Nexus  
  19  1:21  Probe (Chrono Boost)  
  20  1:31  Cybernetics Core  
  20  1:34  Probe (Chrono Boost)  
  21  1:40  Assimilator  
  21  1:45  Probe (Chrono Boost)  
  22  1:49  Pylon  
  22  1:55  Probe (Chrono Boost)  
  23  2:07  Probe  
  23  2:08  Adept (Chrono Boost)  
  26  2:20  Stargate, Probe  
  27  2:28  Probe  
  28  2:32  Probe, Adept (Chrono Boost)  
  31  2:39  Probe  
  31  2:44  Probe  
  33  2:49  Probe  
  34  2:55  Adept (Chrono Boost)  
  34  2:56  Probe, Warp Gate (Chrono Boost)  
  37  3:00  Probe  
  37  3:04  Pylon, Oracle  
  38  3:08  Probe  
  42  3:12  Probe  
  43  3:20  Probe  
  43  3:25  Probe  
  45  3:32  Probe  
  46  3:37  Pylon, Mothership Core  
  48  3:44  Probe, Gateway  
  48  3:45  Gateway  
  49  3:56  Probe  
  49  3:58  Probe  
  51  4:08  Probe  
  48  4:10  Probe, Nexus  
  48  4:12  Pylon  
  48  4:15  Assimilator  
  47  4:17  Assimilator, Forge  
  47  4:20  Twilight Council  
  47  4:21  Probe (Chrono Boost)  
  47  4:22  Probe (Chrono Boost)  
  49  4:31  Pylon  
  49  4:33  Probe (Chrono Boost)  
  49  4:34  Probe (Chrono Boost)  
  51  4:40  Pylon  
  51  4:43  Probe (Chrono Boost)  
  51  4:45  Probe (Chrono Boost)  
  53  4:46  Pylon  
  53  4:47  Sentry, Stalker  
  53  4:48  Sentry  
  59  4:54  Probe (Chrono Boost)  
  59  4:55  Probe (Chrono Boost), Blink, Protoss Ground Weapons Level 1 (Chrono Boost)  
  61  5:00  Robotics Facility  
  61  5:04  Probe (Chrono Boost)  
  61  5:06  Probe (Chrono Boost)  
  63  5:16  Probe  
  63  5:17  Probe  
  65  5:23  Gateway  
  65  5:24  Gateway, Probe  
  65  5:28  Probe  
  67  5:29  Probe  
  67  5:33  Gateway  
  67  5:34  Pylon, Probe  
  68  5:40  Probe  
  68  5:41  Probe  
  71  5:46  Sentry, Probe  
  71  5:47  Stalker  
  76  5:50  Pylon  
  76  5:51  Observer (Chrono Boost)  
  76  5:53  Stalker  
  76  5:54  Probe  
  76  5:55  Probe  
  81  5:58  Pylon  
  81  6:00  Pylon  
  81  6:10  Immortal (Chrono Boost), Gateway x2  
  85  6:16  Stalker  
  85  6:17  Stalker  
  89  6:28  Stalker x3  
  95  6:36  Pylon  
  95  6:38  Protoss Ground Armor Level 1  
  93  6:43  Stalker x2  
  93  6:44  Immortal (Chrono Boost), Stalker  
  93  6:45  Probe x2  
  93  6:46  Probe  
  104  6:57  Mothership Core  
  104  7:00  Assimilator x2, Probe x2  
  108  7:02  Photon Cannon  
  108  7:07  Adept x2  
  112  7:09  Stalker x3  
  112  7:12  Adept  
  120  7:19  Stalker  
  120  7:20  Warp Prism (Chrono Boost)  
  120  7:21  Stalker  
  124  7:42  Pylon x2, Stalker x4  
  124  7:43  Pylon, Stalker  
  134  7:50  Resonating Glaives  
  134  7:56  Warp Prism (Chrono Boost)  
  136  7:59  Adept x2  
  136  8:01  Pylon  
  136  8:02  Pylon  
  136  8:03  Forge  
  140  8:11  Adept x2  
  140  8:12  Adept x4  
  150  8:27  Pylon  
  150  8:29  Adept x2  
  150  8:33  Adept x6  
  160  8:51  Stalker x2  
  164  8:59  Adept x5  
  164  9:00  Adept  
  176  9:11  Pylon x2  
  174  9:25  Adept x3  
  174  9:27  Nexus  
  174  9:29  Adept x2  
  174  9:30  Adept x2  
  151  9:47  Stalker x4  
  151  9:49  Assimilator  
  155  9:55  Stalker x3  
  155  9:56  Stalker  
  155  9:58  Probe x3  
Show
View Real Time Build Order
Export as new Build Order

MaSa Terran 

Build Orders: Command Center First (CC), MMM Bio 

Get SALT Encoding   

  12  0:01  SCV  
  13  0:13  SCV  
  14  0:17  Supply Depot  
  14  0:25  SCV  
  15  0:39  SCV  
  16  0:51  SCV  
  17  1:01  Command Center  
  17  1:04  SCV  
  18  1:13  Barracks  
  18  1:17  SCV  
  19  1:27  Barracks  
  19  1:31  SCV  
  20  1:43  SCV  
  21  1:49  Barracks  
  21  2:01  Marine, Orbital Command  
  22  2:14  Marine, Orbital Command  
  23  2:19  Marine  
  24  2:27  SCV  
  25  2:32  Marine, Refinery x2  
  25  2:36  Marine x2  
  28  2:39  SCV  
  28  2:40  SCV  
  30  2:50  Marine  
  31  2:51  SCV  
  31  2:52  SCV  
  31  2:54  Marine  
  31  2:56  Supply Depot  
  31  2:57  Marine  
  35  3:04  SCV  
  36  3:09  Barracks Tech Lab  
  36  3:11  SCV  
  36  3:12  Marine  
  38  3:17  Marine  
  38  3:18  Supply Depot  
  39  3:22  SCV  
  40  3:28  Marine  
  40  3:29  Marine, Stimpack, SCV  
  40  3:33  Engineering Bay  
  43  3:35  Marine  
  43  3:40  Bunker, SCV  
  45  3:41  SCV  
  45  3:42  Supply Depot  
  45  3:47  Factory  
  46  3:51  Marine  
  46  3:52  SCV  
  48  4:00  Marauder  
  48  4:02  SCV  
  46  4:04  Missile Turret  
  46  4:05  SCV  
  43  4:10  Marine  
  43  4:14  SCV  
  45  4:17  Marine  
  45  4:19  SCV  
  45  4:21  Terran Infantry Weapons Level 1  
  45  4:24  Marauder  
  49  4:27  SCV  
  49  4:31  Marine, Refinery  
  51  4:32  Starport  
  51  4:35  SCV  
  51  4:36  Factory Reactor  
  52  4:39  SCV  
  52  4:40  Marine  
  52  4:41  Supply Depot  
  54  4:46  Marauder  
  54  4:47  SCV  
  54  4:49  Barracks Reactor  
  54  4:51  SCV  
  58  4:59  Supply Depot, SCV  
  58  5:02  Barracks Tech Lab  
  58  5:03  SCV  
  58  5:07  Barracks  
  59  5:09  Barracks  
  59  5:11  SCV  
  59  5:12  Marauder  
  62  5:17  Refinery  
  62  5:21  Supply Depot, Medivac  
  64  5:23  SCV x2  
  64  5:27  Medivac  
  68  5:28  Marine  
  68  5:29  Marine  
  68  5:31  Widow Mine  
  72  5:38  Supply Depot, Marauder  
  72  5:41  Marauder  
  72  5:42  SCV  
  77  5:44  SCV  
  77  5:48  Supply Depot  
  77  5:49  Combat Shields  
  78  5:54  Marine x2  
  80  5:57  Barracks Tech Lab, Barracks Reactor  
  80  6:03  Medivac  
  82  6:04  SCV x2  
  82  6:05  Supply Depot  
  84  6:12  Marauder x2  
  84  6:16  Supply Depot  
  88  6:20  Widow Mine  
  88  6:21  Marine x3  
  89  6:26  SCV x2  
  89  6:37  Marine  
  89  6:38  Marine, Marauder x2  
  89  6:39  Marine  
  93  6:42  SCV  
  93  6:44  Terran Infantry Armor Level 1  
  94  6:48  SCV  
  94  6:51  Widow Mine, Medivac x2  
  101  6:55  Supply Depot  
  101  6:59  Marine x4  
  103  7:05  Liberator  
  103  7:06  Concussive Shells  
  103  7:09  Supply Depot  
  103  7:11  Supply Depot, Marauder x2, Liberator  
  107  7:19  Widow Mine, SCV x2  
  116  7:38  Marine, SCV  
  116  7:39  Marine x2, Marauder x2  
  116  7:41  Marine x2  
  124  7:48  Widow Mine, Liberator  
  126  7:54  Liberator  
  125  8:00  Marauder, Marine x3  
  125  8:01  Command Center  
  125  8:05  Marine  
  134  8:10  Marauder  
  137  8:20  Supply Depot, SCV x2  
  137  8:21  Supply Depot  
  137  8:24  Marine, Marauder  
  142  8:30  Liberator  
  142  8:37  Liberator  
  142  8:41  Marine x2  
  141  8:42  Marauder x2  
  141  8:46  Marauder  
  144  8:52  SCV  
  146  9:03  Marauder  
  146  9:05  Armory, Refinery  
  148  9:12  Marine  
  148  9:13  Marauder  
  151  9:22  Marine  
  151  9:23  Marine x2, Marauder  
  155  9:24  Marine  
  156  9:31  Widow Mine  
  156  9:33  Marine  
  156  9:34  Marauder  
  143  9:40  Marine  
  143  9:42  Marauder  
  122  9:52  Marine  
  121  9:53  Marauder  
  121  9:56  Marine x2  
Tags
 
Add a new tag
Caveats
  • Supply blocks, unpowered buildings, or Contaminate may cause inaccurate times.
  • Supply counts are checked every 10 seconds.